 Dungeon Crawl Stone Soup version 0.24.0-125-gc4c63601f3 (webtiles) character file.

Game seed: 4320730740099262289, levelgen mode: deterministic

116 Peloso the Shield-Bearer (level 4, 0/40 HPs)
             Began as a Minotaur Fighter on Mar 21, 2020.
             Killed by nerve-wracking pain
             ... invoked by an orc priest
              (10 damage)
             ... on level 3 of the Dungeon.
             The game lasted 00:03:44 (1910 turns).

Peloso the Shield-Bearer (Minotaur Fighter)         Turns: 1910, Time: 00:03:45

Health: 0/40       AC:  7    Str: 21    XL:     4   Next: 70%
Magic:  3/3        EV:  7    Int:  5    God:
Gold:   166        SH:  9    Dex: 10    Spells: 3/3 levels left

rFire    . . .     SeeInvis .   a - +0 long sword
rCold    . . .     Gourm    .   c - +0 shield
rNeg     . . .     Faith    .   b - +0 scale mail
rPois    .         Spirit   .   (helmet restricted)
rElec    .         Reflect  .   (no cloak)
rCorr    .         Harm     .   (no gloves)
MR       .....                  (no boots)
Stlth    ..........             (no amulet)
HPRegen  0.13/turn              (no ring)
MPRegen  0.08/turn              (no ring)

@: no status effects
A: retaliatory headbutt, horns 2
a: no special abilities


You were on level 3 of the Dungeon.
You were not hungry.

You visited 1 branch of the dungeon, and saw 3 of its levels.

You collected 166 gold pieces.

Inventory:

Hand Weapons
 a - a +0 long sword (weapon)
Armour
 b - a +0 scale mail (worn)
 c - a +0 shield (worn)
Scrolls
 e - a scroll of magic mapping {unknown}
 g - 2 scrolls of remove curse {unknown}
 h - a scroll of enchant armour {unknown}
 i - 2 scrolls of identify {unknown}
 m - a scroll of blinking {unknown}
 q - 2 scrolls of teleportation {unknown}
 r - 2 scrolls of fear {unknown}
 s - a scroll of immolation {unknown}
Potions
 d - a potion of might
 j - a potion of curing
 k - 2 potions of ambrosia {unknown}
 l - a potion of haste
 n - a potion of degeneration {unknown}
 o - a potion of cancellation {unknown}
 t - a potion of magic {unknown}
Comestibles
 f - 5 rations
 p - a chunk of flesh


   Skills:
 + Level 4.2 Fighting
 + Level 4.1 Long Blades
 + Level 4.2 Armour
 + Level 0.5 Dodging
 + Level 0.2 Stealth
 + Level 4.5 Shields


You had 3 spell levels left.
You didn't know any spells.
Your spell library was empty.

Dungeon Overview and Level Annotations

Branches:
Dungeon (3/15)

Altars:
Hepliaklqana
Uskayaw


Innate Abilities, Weirdness & Mutations

You reflexively headbutt those who attack you in melee.
You have a pair of horns on your head.


Message History

The orc priest invokes the aid of Beogh against you.
Pain shoots through your body!
* * * LOW HITPOINT WARNING * * *
The orc wizard casts a spell.
The orc wizard blinks!
You barely miss the orc priest. You block the orc priest's attack.
Something hits you but does no damage.
The orc priest hits you but does no damage.
Unknown command.
Your shield prevents you from hitting the orc priest.
Something hits you.
* * * LOW HITPOINT WARNING * * *
The orc priest hits you with a +0 hand axe.
* * * LOW HITPOINT WARNING * * *
Unknown command.
Unknown command.
You barely miss the orc priest. Something hits you but does no damage.
The orc priest calls down the wrath of Beogh upon you.
Pain shoots through your body!
You die...

#.#.#.########
#.#.#.##.....#####
#.#.#.#...........
#.#.###......###
#.#.##.#.#.#....
#.#..##......#># #
#)##.....#.#.#..
####.###.##.#.#........
#....o@{o.....##.####.#
#.######.#######.# #.#
#.........# #..
########### #.#
........ #.# ..######
#.# . #.# #.# ..#


You could see an orc priest and an orc wizard.

Vanquished Creatures
  Robin (D:2)
  2 adders (D:3)
  4 worms
  3 dart slugs
  2 leopard geckos (D:2)
  2 orcs (D:3)
  5 bats
  3 giant cockroaches
  11 goblins
  8 hobgoblins
  2 quokkas (D:2)
  3 ball pythons
  4 frilled lizards
  9 kobolds
  5 rats
64 creatures vanquished.

Notes
Turn   | Place    | Note
-------+----------+-------------------------------------------
     0 | D:1      | Peloso the Minotaur Fighter began the quest for the Orb.
     0 | D:1      | Reached XP level 1. HP: 19/19 MP: 0/0
   145 | D:1      | Reached XP level 2. HP: 22/27 MP: 1/1
  1061 | D:2      | Reached XP level 3. HP: 31/33 MP: 2/2
  1068 | D:2      | Found a hide-covered altar of Uskayaw.
  1166 | D:2      | Noticed Robin
  1176 | D:2      | Killed Robin
  1332 | D:2      | Reached XP level 4. HP: 40/40 MP: 3/3
  1818 | D:3      | Found a hazy altar of Hepliaklqana.
  1910 | D:3      | Killed from afar by an orc priest

Levels and vault maps discovered:
D:1:      zelgadis_glass_arrival_small, layout_basic
D:2:      layout_basic, eat_drink_and_be_merry_uskayaw, uniq_robin
D:3:      layout_loops_ring, vehumet_crystals, lemuel_round_altar,
          gammafunk_temple_overflow_wave, serial_co_window_serial,
          co_window_paths_b, co_window_corner_a, co_window_paths_a,
          co_window_corner_a, co_window_corner_a, co_window_of_opportunity_b,
          co_window_paths_c, co_window_paths_c, co_window_2corner,
          co_window_unsneaky_path_d, co_window_broadway_b, co_window_paths_d,
          co_window_4corner_a, glass_columns_a

Skill      XL: |  1  2  3  4 |
---------------+-------------+-----
Shields        | 4 |  4.5
Armour         | 4 |  4.2
Long Blades    | 3 4 |  4.1
Fighting       | 4 |  4.2
Dodging        | |  0.5
Stealth        | |  0.2

Action                   |  1- 3 |  4- 6 || total
-------------------------+-------+-------++-------
Melee: Long sword        |   107 |    55 ||   162
       Headbutt          |    16 |    11 ||    27
  Use: Potion            |     3 |       ||     3
  Eat: Chunk             |     1 |     2 ||     3
Armor: Scale mail        |    43 |    33 ||    76
Dodge: Dodged            |    29 |    15 ||    44
Block: Shield            |    63 |    26 ||    89
       Rpst.: Long sword |     7 |     6 ||    13
